 Dungeon Crawl Stone Soup version 0.17-a0-1989-gfb2cd5c (webtiles) character file.

6890 Morphine the Thaumaturge (level 10, -1/50 HPs)
             Began as a Deep Elf Conjurer on Oct 6, 2015.
             Was a Believer of Vehumet.
             Slain by an orc warrior
             ... wielding a +0 mace
              (14 damage)
             ... on level 9 of the Dungeon.
             The game lasted 01:08:15 (8291 turns).

Morphine the Thaumaturge (Deep Elf Conjurer)        Turns: 8291, Time: 01:08:15

Health: -1/50      AC:  9    Str:  5    XL:     10   Next: 79%
Magic:  21/45      EV: 13    Int: 25    God:    Vehumet [**....]
Gold:   516        SH:  2    Dex: 18    Spells: 8 memorised, 12 levels left

rFire  + + +     SeeInvis +     v - +11 short sword "Juillis" {flame, rF+++}
rCold  . . .     Clarity  .     w - +0 leather armour of Mysticism {MP+9 Int+4}
rNeg   . . .     SustAt   .     (no shield)
rPois  .         Gourm    .     N - +1 helmet {SInv}
rElec  .         Spirit   .     I - +0 cloak
rCorr  +         Warding  .     B - +0 pair of gloves
rMut   .         Stasis   .     (no boots)
MR     +....                    H - amulet of resist corrosion
Stlth  ++++......               (no ring)
                                Y - ring of magical power

@: swift, very slightly contaminated, repel missiles, quick, somewhat resistant
to hostile enchantments, stealthy
A: hooves 1, large bone plates 1, mutation resistance 1
a: Renounce Religion


You were on level 9 of the Dungeon.
You worshipped Vehumet.
Vehumet was pleased with you.
You were not hungry.

You visited 2 branches of the dungeon, and saw 10 of its levels.
You also visited: Sewer.

You collected 516 gold pieces.

Inventory:

Hand Weapons
 v - the +11 short sword "Juillis" (weapon) {flame, rF+++}
   (You found it in a sewer)

   It has been specially enchanted to burn those struck by it, causing extra
   injury to most foes and up to half again as much damage against particularly
   susceptible opponents.
   It renders you almost immune to fire.
Missiles
 g - 224 stones (quivered)
Armour
 a - a +0 robe
 h - a +0 cloak
 w - the +0 leather armour of Mysticism (worn) {MP+9 Int+4}
   (You found it in a sewer)

   It affects your intelligence (+4).
   It affects your magic capacity (+9).
 B - a +0 pair of gloves (worn)
 G - a +0 shield
 I - a +0 cloak (worn)
 M - a +1 shield of protection
 N - a +1 helmet of see invisible (worn)
 X - a cursed +0 robe
Magical Staves
 P - an uncursed staff of wizardry {unknown}
Jewellery
 H - an amulet of resist corrosion (around neck)
 Y - a ring of magical power (left hand)
Wands
 e - a wand of lightning (8)
 l - a wand of paralysis (11)
 D - a wand of draining (8)
 F - a wand of frost (18)
 J - a wand of disintegration (18)
 W - a wand of invisibility (6)
Scrolls
 d - a scroll of noise
 i - 4 scrolls of magic mapping
 j - a scroll of fear
 p - 2 scrolls of enchant armour {unknown}
 r - 3 scrolls of recharging
 t - a scroll of blinking
 y - a scroll of fog
 E - 5 scrolls of remove curse
 K - a scroll of enchant weapon {unknown}
 O - a scroll of immolation
Potions
 f - 2 potions of mutation
 m - a potion of curing
 q - 3 potions of ambrosia
 s - 4 potions of flight
 u - a potion of magic
 z - a potion of might
 C - 2 potions of agility
 L - a potion of degeneration {unknown}
 R - a potion of resistance {unknown}
 T - a potion of haste {unknown}
Books
 b - a book of Conjurations

   Spells                             Type                      Level
   a - Magic Dart                     Conjuration                  1
   b - Searing Ray                    Conjuration                  2
   c - Dazzling Spray                 Conjuration/Hexes            3
   d - Fulminant Prism                Conjuration/Hexes            4
   e - Iskenderun's Mystic Blast      Conjuration                  4
   f - Iskenderun's Battlesphere      Conjuration/Charms           5
 o - a book of Annihilations

   Spells                             Type                      Level
   a - Poison Arrow                   Conjuration/Poison           6
   b - Chain Lightning                Conjuration/Air              8
   c - Lehudib's Crystal Spear        Conjuration/Earth            8
   d - Glaciate                       Conjuration/Ice              9
   e - Fire Storm                     Conjuration/Fire             9
 A - a book of Air

   Spells                             Type                      Level
   a - Shock                          Conjuration/Air              1
   b - Swiftness                      Charms/Air                   2
   c - Repel Missiles                 Charms/Air                   2
   d - Static Discharge               Conjuration/Air              3
   e - Lightning Bolt                 Conjuration/Air              5
 S - a book of Spatial Translocations

   Spells                             Type                      Level
   a - Apportation                    Translocation                1
   b - Blink                          Translocation                2
   c - Shroud of Golubria             Charms/Translocation         2
   d - Portal Projectile              Translocation                3
   e - Teleport Other                 Translocation                3
   f - Passage of Golubria            Translocation                4
Miscellaneous
 Q - a plain deck of summoning
Comestibles
 c - 8 bread rations
 k - 3 slices of pizza
 n - 5 meat rations
 x - 2 beef jerkies


   Skills:
 - Level 11.0 Short Blades
 + Level 4.0 Dodging
 - Level 10.0 Stealth
 + Level 1.7 Shields
 * Level 11.8 Spellcasting
 - Level 5.0 Conjurations


You had 12 spell levels left.
You knew the following spells:

 Your Spells              Type           Power        Failure   Level  Hunger
a - Magic Dart            Conj           ####         1%          1    None
b - Searing Ray           Conj           #####.       1%          2    None
c - Iskenderun's Mystic   Conj           #####...     12%         4    None
d - Fulminant Prism       Conj/Hex       ####......   30%         4    None
e - Swiftness             Chrm/Air       ##......     14%         2    None
f - Repel Missiles        Chrm/Air       ##....       14%         2    None
g - Blink                 Tloc           N/A          14%         2    None
h - Mephitic Cloud        Conj/Pois/Air  ###.....     12%         3    None


Dungeon Overview and Level Annotations

Branches:
Dungeon (9/15)             Temple (1/1) D:5
   Lair: D:8-11         Orc: D:9-12

Altars:
Ashenzari
Cheibriados
Dithmenos
Elyvilon
Fedhas
Gozag
Kikubaaqudgha
Makhleb
Nemelex Xobeh
Okawaru
Qazlal
Ru
Sif Muna
Trog
Vehumet
Xom
Yredelemnul
Zin
The Shining One

Shops:
D:2 *


Innate Abilities, Weirdness & Mutations

You have large cloven feet.
You are partially covered in large bone plates (AC +2, SH +2).
You are somewhat resistant to further mutation.


Message History

The orc warrior is severely wounded.
You barely miss the orc warrior.
The orc warrior is severely wounded.
The orc warrior hits you with a mace!
You hit the orc warrior. You burn the orc warrior.
You kick the orc warrior, but do no damage.
The orc warrior is severely wounded.
You closely miss the orc warrior.
The orc warrior is severely wounded.
The orc warrior hits you with a mace!
* * * LOW HITPOINT WARNING * * *
Things that are here:
an enchanted dagger; a robe; an orc corpse
Things that are here:
a war axe; a chain mail; an orc corpse You see here a giant spiked club.
Casting: Searing Ray
Confirm with . or Enter, or press ? or * to list all spells.
You feel quick. The orc warrior hits you with a mace!
You die...

...# #.##.#
#.# ...#
#.##.# #.#
#..# #.##.#
#.#
#..###.##.#
#.#
#...##.##.#
#.#
..........#
###.#
#...#######
#...# #.###
#.### #.#
#@# #.#
#####o# #.#
#.o.o.# ####
#.##### ##8
#)# #... #o#
....) #)#
.....[####)#
...[.))o...#


You could see an orc warrior and an orc.

Vanquished Creatures
  Gastronok (D:8)
  A cyclops (D:8)
  Joseph (D:8)
  The ghost of Maka the Twirler, a novice DsGl of Qazlal (D:4)
  Grinder (D:4)
  Sigmund (D:5)
  A steam dragon (D:8)
  A wyvern (D:8)
  A hungry ghost (D:8)
  Edmund (D:6)
  2 orc warriors
  A necrophage (D:6)
  An ice beast (D:8)
  2 black bears
  4 ogres
  2 phantoms
  A sky beast (D:5)
  A centaur (D:5)
  A big kobold (D:7)
  Blork the orc (D:5)
  A gnoll sergeant (D:8)
  5 giant frogs
  4 scorpions
  4 killer bees (D:9)
  4 crimson imps
  3 centaur zombies
  A giant frog zombie (D:6)
  A jelly (D:7)
  5 hounds
  Crazy Yiuf (D:7)
  5 orc priests
  4 orc wizards
  A centaur skeleton (D:6)
  An iguana (D:4)
  6 worker ants
  2 sheep (D:8)
  A hound zombie (D:5)
  A hound skeleton (D:7)
  2 worker ant zombies
  10 adders
  6 gnolls (D:8)
  A shadow imp (D:7)
  An ooze (D:2)
  An adder skeleton (D:4)
  An adder zombie (D:7)
  5 worms
  12 giant geckos
  18 orcs
  8 ball pythons
  6 bats
  11 giant cockroaches
  5 goblins
  5 hobgoblins
  3 jackals (D:8)
  8 kobolds
  A giant gecko skeleton (D:8)
  A giant gecko zombie (D:5)
  13 giant newts
  4 quokkas
  2 quokka skeletons
  A quokka zombie (D:8)
  7 rats
208 creatures vanquished.

Vanquished Creatures (others)
  10 fulminant prisms
10 creatures vanquished.

Grand Total: 218 creatures vanquished

Notes
Turn   | Place    | Note
--------------------------------------------------------------
     0 | D:1      | Morphine the Deep Elf Conjurer began the quest for the Orb.
     0 | D:1      | Reached XP level 1. HP: 10/10 MP: 6/6
   159 | D:1      | Reached XP level 2. HP: 6/15 MP: 0/8
   163 | D:1      | Learned a level 2 spell: Searing Ray
   889 | D:2      | Found a glowing golden altar of the Shining One.
   925 | D:2      | Found a glowing silver altar of Zin.
   933 | D:2      | Reached XP level 3. HP: 8/19 MP: 1/10
  1474 | D:2      | Found an opulent altar of Gozag.
  1478 | D:2      | Found Gozag's Platinum Reserve.
  1723 | D:2      | Reached XP level 4. HP: 24/24 MP: 6/12
  2074 | D:3      | Found a glowing drain.
  2087 | D:3      | Learned a level 4 spell: Iskenderun's Mystic Blast
  2091 | Sewer    | Entered a sewer
  2166 | Sewer    | Reached skill level 5 in Conjurations
  2347 | Sewer    | Noticed a giant frog
  2354 | Sewer    | Killed a giant frog
  2354 | Sewer    | Reached skill level 5 in Stealth
  2354 | Sewer    | Reached XP level 5. HP: 28/28 MP: 2/14
  2368 | Sewer    | Learned a level 4 spell: Fulminant Prism
  2377 | Sewer    | Got a brightly glowing short sword
  2380 | Sewer    | Got an obsidian-encrusted leather armour
  2382 | Sewer    | Identified the +11 short sword "Juillis" {flame, rF+++} (You found it in a sewer)
  2383 | Sewer    | Identified the +0 leather armour of Mysticism {MP+9 Int+4} (You found it in a sewer)
  2517 | D:3      | Found a shattered altar of Ashenzari.
  2671 | D:3      | Reached skill level 1 in Short Blades
  2711 | D:3      | Reached skill level 5 in Spellcasting
  2828 | D:4      | Learned a level 2 spell: Swiftness
  2939 | D:4      | Reached XP level 6. HP: 28/32 MP: 15/15
  2956 | D:4      | Noticed an ogre
  2962 | D:4      | Killed an ogre
  3102 | D:4      | Noticed Grinder
  3107 | D:4      | Killed Grinder
  3107 | D:4      | Reached skill level 5 in Short Blades
  3107 | D:4      | Reached XP level 7. HP: 36/36 MP: 16/16
  3113 | D:4      | Learned a level 2 spell: Repel Missiles
  3139 | D:4      | Found a glowing golden altar of the Shining One.
  3201 | D:4      | Noticed Maka's ghost (novice DsGl)
  3201 | D:4      | Upgraded the game from 0.17-a0-1984-g55f5988 to 0.17-a0-1989-gfb2cd5c
  3574 | D:4      | Killed Maka's ghost
  3574 | D:4      | Reached skill level 6 in Short Blades
  3817 | D:5      | Entered Level 5 of the Dungeon
  3823 | D:5      | Reached XP level 8. HP: 41/41 MP: 17/17
  3873 | D:5      | Reached skill level 7 in Stealth
  3913 | D:5      | Noticed Blork the orc
  3920 | D:5      | Lost strength.
  4095 | D:5      | Killed Blork the orc
  4217 | D:5      | Noticed Sigmund
  4221 | D:5      | Killed Sigmund
  4257 | D:5      | Found a staircase to the Ecumenical Temple.
  4264 | Temple   | Entered the Ecumenical Temple
  4351 | Temple   | Became a worshipper of Vehumet
  4373 | D:5      | Found a burning altar of Makhleb.
  4391 | D:5      | Reached skill level 8 in Stealth
  4425 | D:5      | Gained mutation: You are partially covered in large bone plates (AC +2, SH +2). [mutagenic meat]
  4426 | D:5      | Gained mutation: You have large cloven feet. [mutagenic meat]
  4427 | D:5      | Gained mutation: You are somewhat resistant to further mutation. [mutagenic meat]
  4986 | D:5      | Reached skill level 9 in Stealth
  5240 | D:6      | Noticed Edmund
  5265 | D:6      | Killed Edmund
  5463 | D:6      | Reached XP level 9. HP: 40/45 MP: 19/19
  5470 | D:6      | Acquired Vehumet's first power
  5470 | D:6      | Offered knowledge of Sandblast by Vehumet.
  5473 | D:6      | Found a sparkling altar of Nemelex Xobeh.
  5590 | D:6      | Learned a level 2 spell: Blink
  6161 | D:7      | Reached skill level 10 in Stealth
  6382 | D:7      | Noticed Crazy Yiuf
  6399 | D:7      | Killed Crazy Yiuf
  6491 | D:8      | Noticed Gastronok
  6523 | D:8      | Killed Gastronok
  6523 | D:8      | Reached skill level 10 in Short Blades
  6523 | D:8      | Reached XP level 10. HP: 50/50 MP: 25/25
  6534 | D:8      | Noticed Joseph
  6538 | D:8      | Reached skill level 10 in Spellcasting
  6550 | D:8      | Killed Joseph
  6850 | D:8      | Offered knowledge of Throw Flame by Vehumet.
  7224 | D:8      | Noticed a cyclops
  7235 | D:8      | Killed a cyclops
  7235 | D:8      | Reached skill level 11 in Spellcasting
  7358 | D:8      | Found an ancient bone altar of Kikubaaqudgha.
  7358 | D:8      | Found a stormy altar of Qazlal.
  7934 | D:9      | Reached skill level 1 in Shields
  8058 | D:9      | Offered knowledge of Mephitic Cloud by Vehumet.
  8063 | D:9      | Learned a level 3 spell: Mephitic Cloud
  8291 | D:9      | Slain by an orc warrior

Vault maps used:
D:1:      dpeg_arrival_rooms_c
D:2:      nicolae_gozag_zags_fifth_avenue, minitemple
D:3:      lemuel_coloured_pillars_altar, gup_sewer_entry_bubbles
D:4:      first_bread, nicolae_tso_carved_into_rock, uniq_grinder
D:5:      lemuel_doored_altar, temple_statues, minmay_misc_feat_room,
          uniq_sigmund, uniq_blork_the_orc
D:6:      nemelex_deck, uniq_edmund
D:7:      uniq_crazy_yiuf_cottage
D:8:      gammafunk_temple_overflow_wave, uniq_gastronok, uniq_joseph
D:9:      david_orc_4
Temple:   triangle_lava_temple_11
Sewer:    sewer_frog_island_01

Action                   |  1- 3 |  4- 6 |  7- 9 | 10-12 || total
-------------------------+-------+-------+-------+-------++-------
Melee: Dagger            |    22 |    18 |       |       ||    40
       Short sword       |       |    21 |   114 |    65 ||   200
 Cast: Magic Dart        |    44 |    39 |     6 |     4 ||    93
       Searing Ray       |     6 |    11 |    17 |     4 ||    38
       Iskenderun's Myst |       |     3 |    24 |    29 ||    56
       Repel Missiles    |       |       |     1 |     1 ||     2
       Swiftness         |       |       |     3 |     1 ||     4
       Fulminant Prism   |       |       |       |    10 ||    10
  Use: Scroll            |       |     1 |    15 |     3 ||    19
 Stab: Sleeping          |     3 |     8 |    17 |     7 ||    35
       Distracted        |       |       |       |     1 ||     1
  Eat: Chunk             |     2 |     5 |    17 |     5 ||    29
